 Dungeon Crawl Stone Soup version 0.31-b1-22-gc680215f68 (webtiles) character file.

Game seed: 7220016723268421802

1 Aldia the Trooper (level 1, -1/22 HPs)
             Began as an Oni Warper on Jan 18, 2024.
             Slain by a goblin
             ... wielding a +0 club
              (4 damage)
             ... on level 1 of the Dungeon.
             The game lasted 00:00:16 (28 turns).

Aldia the Trooper (Oni Warper)                        Turns: 28, Time: 00:00:16

Health: -1/22      AC:  3    Str: 14    XL:     1   Next: 20%
Magic:  3/3        EV:  9    Int: 14    God:
Gold:   3          SH:  0    Dex:  8    Spells: 4/4 levels left

rFire   . . .        a - +0 mace
rCold   . . .        (no shield)
rNeg    . . .        b - +0 robe
rPois   .            (helmet restricted)
rElec   .            (no cloak)
rCorr   .            (gloves unavailable)
SInv    .            (boots unavailable)
Will    .....        (no amulet)
Stlth   +            (no ring)
HPRegen 0.23/turn    (no ring)
MPRegen 0.08/turn

%: no passive effects
@: no status effects
A: large, unfitting armour, horns 1, tough skin 1, double potion healing,
drunken brawling
a: no special abilities


You were on level 1 of the Dungeon.
You visited 1 branch of the dungeon, and saw 1 of its levels.

You collected 3 gold pieces.

Inventory:

Hand Weapons
 a - a +0 mace (weapon)
Missiles
 d - 7 darts of dispersal (quivered)
Armour
 b - a +0 robe (worn)
Scrolls
 c - a scroll of blinking


   Skills:
 + Level 2.7 Fighting
 * Level 2.0 Maces & Flails
 - Level 1.0 Throwing
 - Level 2.1 Dodging
 + Level 2.4 Spellcasting
 + Level 2.7 Translocations


You had 4 spell levels left.
You didn't know any spells.
Your spell library contained the following spells:

 Spells                   Type           Power      Damage    Failure   Level
 Blink                    Tloc           18%        N/A       12%         2
 Lesser Beckoning         Tloc           18%        N/A       12%         2
 Teleport Other           Tloc           9%         N/A       22%         3
 Manifold Assault         Tloc           9%         N/A       58%         4
 Vhi's Electric Charge    Tloc/Air       10%        N/A       78%         4


Dungeon Overview and Level Annotations

Branches:
Dungeon (1/15)

Altars:

Annotations:
D:1 1 runed translucent door


Innate Abilities, Weirdness & Mutations

You are too large for most types of armour.
You have a pair of small horns on your head.
You have tough skin. (AC +1)
You gain doubled healing and magic from potions.
Whenever you drink a healing potion, you attack all around you.


Message History

You hit the goblin.
The goblin is severely wounded.
The goblin hits you with a +0 club.
You miss the goblin.
The goblin is severely wounded.
The rat bites you. The goblin closely misses you.
You closely miss the goblin.
The goblin is severely wounded.
The rat closely misses you. The goblin hits you with a +0 club.
The rat bites you. The goblin hits you with a +0 club.
A hobgoblin comes into view.
You are too injured to fight recklessly!
You are too injured to fight recklessly!
You are too injured to fight recklessly!
The hobgoblin shouts!
You hit the goblin.
You kill the goblin!
The rat bites you but does no damage.
You closely miss the rat. The rat bites you.
A goblin comes into view. It is wielding a +0 dagger.
You hit the rat but do no damage. Your headbutt misses the rat.
The rat completely misses you.
The hobgoblin hits you but does no damage. x2
The rat barely misses you.
A goblin comes into view. It is wielding a +0 club.
The goblin shouts!
You sock the rat!
You kill the rat!
The hobgoblin hits you.
* * * LOW HITPOINT WARNING * * *
You hit the goblin.
The goblin is moderately wounded.
The hobgoblin hits you.
* * * LOW HITPOINT WARNING * * *
The goblin hits you with a +0 club.
* * * LOW HITPOINT WARNING * * *
You barely miss the goblin. Your headbutt misses the goblin.
The goblin is moderately wounded.
The hobgoblin closely misses you. The goblin hits you with a +0 club.
You die...

..#. .#.## ##### ....
.... g..
#..############# g.
#..#..h.h.......
#.##..#h.w.wB!.....
.###.#g#...#JhBBJ.......
......g@...#######+#####
####.#.....#............
#####.'⌠....###....
#.#......<.....
#.#..⌠...>...⌠.
#.###+#######+# #.. ###


You could see a hobgoblin and 3 goblins.

Vanquished Creatures
  A goblin (D:1)
  A rat (D:1)
2 creatures vanquished.

Notes
Turn   | Place    | Note
-------+----------+-------------------------------------------
     0 | D:1      | Aldia the Oni Warper began the quest for the Orb.
     0 | D:1      | Reached XP level 1. HP: 22/22 MP: 3/3
     1 | D:1      | Found a runed translucent door.
     2 | D:1      | Noticed a jelly
    28 | D:1      | Slain by a goblin

Illustrated notes

Levels and vault maps discovered:
D:1:      dpeg_arrival_caged_fury, layout_loops_corners, serial_forest,
          infiniplex_forest_pool, infiniplex_forest_corner_1,
          infiniplex_forest_end_double, infiniplex_forest_end_2,
          infiniplex_forest_split, infiniplex_forest_lined_1

Action                     || total
---------------------------++-------
  Melee: Mace              ||    10
 Armour: Robe              ||    15
  Dodge: Dodged            ||     5
